Cogmind - Beta 15 @@@ ROGUE MODE // 2025.10.05 @ 19:53:52 Player: microsand Result: Destroyed by G-47 Trooper with Particle Gun Performance ------------- Evolutions (2) 1000 Regions Visited (3) 600 Robots Destroyed (52) 260 Value Destroyed (1146) 1146 Prototype IDs (1) 20 Alien Tech Used (0) 0 Bonus (0) 0 TOTAL SCORE: 3026 Bonus ------- None Cogmind --------- Core Integrity 0/550 Matter 159/300 Energy 160/160 System Corruption 0% Temperature Hot (285) Movement Treading (145) Location -8/Materials Parts ------- > --- POWER (2) -------- Light Nuclear Core > --- PROPULSION (2) --- Advanced Treads Advanced Treads > --- UTILITY (3) ------ Targeting Computer Advanced Targeting Computer > --- WEAPON (4) ------- Small Laser Particle Gun > --- INVENTORY (5) ---- (None) Peak State ------------ > --- POWER ------------ Light Nuclear Core Light Angular Momentum Engine > --- PROPULSION ------- Aluminum Leg Carbon-fiber Leg > --- UTILITY ---------- Medium Matter Pod Advanced Targeting Computer Power Shielding > --- WEAPON ----------- Field Laser Field Laser High-powered Shotgun Enhanced Autogun > --- INVENTORY -------- Light Ion Engine Advanced Treads Advanced Treads Targeting Computer Small Laser [Rating: 30] Favorites ----------- Power Light Ion Engine Engine Light Ion Engine Power Core Light Nuclear Core Propulsion Aluminum Leg Treads Advanced Treads Leg Aluminum Leg Wheel Wheel Utility Small Storage Unit Device Improved Terrain Scanner Storage Small Storage Unit Processor Targeting Computer Protection Power Shielding Weapon Field Laser Energy Gun Field Laser Energy Cannon Light EM Pulse Cannon Ballistic Gun High-powered Shotgun Ballistic Cannon Flak Cannon Launcher Grenade Launcher Build | -11 -10 -9 -8 ------- Run | Yrd Mat Mat Mat Slots Evolved 4 | . . 2 2 Power 1 | . . 1 . Propulsion . | . . . . Utility 1 | . . 1 . Weapon 2 | . . . 2 Parts Attached 39 | 8 . 10 21 Power 8 | 1 . 1 6 Engine 6 | 1 . 1 4 Core 2 | . . . 2 Reactor . | . . . . Propulsion 10 | 3 . 1 6 Treads 3 | 1 . . 2 Leg 6 | 2 . 1 3 Wheel 1 | . . . 1 Hover . | . . . . Flight . | . . . . Utility 7 | 2 . 2 3 Device 1 | 1 . . . Storage 2 | 1 . . 1 Processor 3 | . . 1 2 Hackware . | . . . . Protection 1 | . . 1 . Artifact . | . . . . Weapon 14 | 2 . 6 6 Energy Gun 7 | 2 . 2 3 Energy Cannon 1 | . . 1 . Ballistic Gun 3 | . . 1 2 Ballistic Cannon 1 | . . . 1 Launcher 2 | . . 2 . Special Weapon . | . . . . Impact Weapon . | . . . . Slashing Weapon . | . . . . Piercing Weapon . | . . . . Special Melee Weapon . | . . . . Unidentified Prototypes . | . . . . Parts Lost 18 | . . 7 11 Power 4 | . . 2 2 Propulsion 5 | . . 3 2 Utility 3 | . . . 3 Weapon 6 | . . 2 4 Highest Loss Streak 8 | . . 6 8 To Critical Strikes . | . . . . Average Backups 5 | 3 5 7 4 Power . | 1 2 1 . Propulsion . | . 1 . . Utility 1 | . . 2 2 Weapon 2 | . 2 3 1 Tool/Special . | . . . . Unused Backups 3 | . . 2 1 Power . | . . . . Propulsion 1 | . . 1 . Utility 1 | . . . 1 Weapon 1 | . . 1 . Tool/Special . | . . . . Average Slot Usage (%) 84 | . 100 97 72 Engine 13 | . 14 21 8 Core 1 | . . . 2 Treads 2 | . . . 5 Leg 11 | . 28 20 2 Wheel 1 | . . . 1 Device 2 | . 14 2 . Storage 8 | . 14 11 6 Processor 8 | . . 8 10 Protection 6 | . . 11 6 Energy Gun 13 | . 28 . 18 Ballistic Gun 6 | . . 7 7 Launcher 4 | . . 11 1 Peak Build Rating 30 | 9 9 12 30 Average Rating 13 | 5 9 10 17 On Entrance 5 | . 9 9 4 Naked Turns . | . . . . Heaviest Build 29 | 12 12 19 29 Greatest Support 44 | 20 20 20 44 Greatest Overweight (x) 6 | . . 2 6 Average Overweight (x) . | . . . 1 Largest Inventory Capacity 8 | 8 8 8 8 Average Capacity 7 | 5 8 8 6 Most Carried 8 | 5 7 8 8 Average Carried 5 | 3 5 7 4 Final Capacity 8 | 8 8 8 5 Final Carried 7 | 4 7 7 . Class Distribution -------------------- 61% | Mutant 23% | Bomber 10% | Gunner 4% | Scavenger-Gunner Dominant Class ---------------- Mutant | -10/Materials Mutant | -9/Materials Bomber | -8/Materials Resources | -11 -10 -9 -8 ----------- Run | Yrd Mat Mat Mat Matter Collected 1005 | 280 . 79 646 Remotely . | . . . . Salvage Created 1652 | 190 117 331 1014 Parts 93 | 12 7 25 49 Haulers Intercepted 1 | . . . 1 Recyclers Shooed . | . . . . Parts Field Recycled . | . . . . Retrieved Matter . | . . . . Parts Self-Destructed . | . . . . Prevented . | . . . . Kills | -11 -10 -9 -8 ------- Run | Yrd Mat Mat Mat Combat Hostiles Destroyed 27 | . 4 7 16 Guns 21 | . 4 1 16 AOE 6 | . . 6 . Classes Destroyed 9 | 2 2 3 2 Worker 7 | . . 3 4 Builder 4 | . . 2 2 Tunneler 5 | 4 . 1 . Hauler 1 | . . . 1 Recycler 3 | 1 . 2 . Watcher 5 | . . 3 2 Swarmer 7 | . 2 5 . Grunt 16 | . 2 2 12 Sentry 4 | . . . 4 Best Kill Streak 6 | 5 2 5 6 Combat Bots Only 5 | . 2 4 5 Max Kills in Single Turn 5 | 1 1 5 1 Gunslinging . | . . . . Exploded 3 | . . 3 . Melee . | . . . . Uniques/NPCs Destroyed . | . . . . Combat | -11 -10 -9 -8 -------- Run | Yrd Mat Mat Mat Hostile Shots Fired 283 | . 29 129 125 Missed 78 | . 7 47 24 Hits 205 | . 22 82 101 Projectile 205 | . 22 82 101 Critical Strikes 2 | . . . 2 Actively Blocked 1 | . . . 1 Damage Taken 2860 | . 198 833 1829 Core 905 | . 46 302 557 Absorbed by Shields . | . . . . Redirected to Shielding 52 | . . 33 19 Core Remaining (%) 68 | 100 81 24 . Volleys Fired 104 | 10 14 17 63 Largest 4 | 2 2 2 4 Hottest 191 | 80 80 79 191 Shots Fired 263 | 20 28 34 181 Gun 244 | 20 28 15 181 Cannon 5 | . . 5 . Launcher 14 | . . 14 . Special . | . . . . Kinetic 67 | . . 15 52 Thermal 153 | 10 14 . 129 Explosive 14 | . . 14 . Electromagnetic 29 | 10 14 5 . Robot Hit Streak 16 | 5 7 8 16 Robot Miss Streak 6 | 1 3 6 4 Penetration Max . | . . . . Secondary Targets 1 | . . . 1 Max Gunslinging Chain 1 | . . . 1 Shots Hit Robots 157 | 14 17 19 107 Core Hits 84 | 5 5 22 52 Critical Kills . | . . . . Critical Parts Destroyed . | . . . . Critical Strikes . | . . . . Melee Attacks . | . . . . Impact . | . . . . Slashing . | . . . . Piercing . | . . . . Sneak Attacks . | . . . . Combat Hostiles . | . . . . Follow-up Attacks . | . . . . Damage Inflicted 3088 | 172 200 991 1725 Guns 2233 | 172 191 151 1719 Cannons 108 | . . 108 . Explosions 730 | . . 730 . Melee . | . . . . Ramming 17 | . 9 2 6 Kinetic 663 | . . 151 512 Thermal 1405 | 90 108 . 1207 Explosive 730 | . . 730 . Electromagnetic 273 | 82 83 108 . Impact . | . . . . Slashing . | . . . . Piercing . | . . . . Highest Corruption 1 | . . 1 . Average Corruption 1 | . . 1 . Corruption Purged . | . . . . Corruption Blocked . | . . . . Effects 3 | . . 3 . Message Errors 1 | . . 1 . Energy Discharges 1 | . . 1 . Misfires 1 | . . 1 . Overload Shots . | . . . . Overflow Damage 24 | . . 24 . Projectiles . | . . . . Explosions 24 | . . 24 . Melee . | . . . . Knockbacks . | . . . . Impact . | . . . . Kinetic . | . . . . Secondary . | . . . . Self-Inflicted Damage 92 | . . 92 . Shots 6 | . . 6 . Rammed 1 | . . . 1 Targets Rammed 3 | . 1 1 1 Kicked 2 | . 1 1 . Crushed . | . . . . Highest Temperature 607 | 162 150 208 607 Average Temperature 188 | 77 75 67 233 Received Heat Transfer 1083 | . 42 177 864 Effects 40 | . . . 40 Shutdowns 9 | . . . 9 Energy Bleed 4 | . . . 4 Interference 6 | . . . 6 Matter Decay 3 | . . . 3 Short Circuit 5 | . . . 5 Damage (minor) 4 | . . . 4 Damage (major) 7 | . . . 7 Damage (core) 2 | . . . 2 Siege Activations . | . . . . Martial Activations . | . . . . Shielding Activations . | . . . . Robots Disrupted . | . . . . Combat Hostiles . | . . . . Robots Corrupted . | . . . . Combat Hostiles . | . . . . Parts Fried 1 | . . 1 . Impact Corruptions . | . . . . Robots Melted . | . . . . Combat Hostiles . | . . . . Parts Melted 7 | 1 1 . 5 Heat Transferred 3123 | 200 250 . 2673 Parts Sabotaged . | . . . . Parts Stolen . | . . . . Parts Stripped . | . . . . Power Chain Reactions . | . . . . Alert | -11 -10 -9 -8 ------- Run | Yrd Mat Mat Mat Maximum Alert Level . | . . . . Low Security (%) 100 | 100 100 100 100 Level 1 . | . . . . Level 2 . | . . . . Level 3 . | . . . . Level 4 . | . . . . Level 5 . | . . . . High Security . | . . . . Max Security . | . . . . Peak Influence 168 | 10 70 168 135 Initial 33 | . . 3 33 Average 38 | 1 27 41 46 Influence Increases 902 | 25 90 299 488 Destroy 0b10 Robot/C 540 | . 80 140 320 Destroy 0b10 Robot/NC 125 | 25 . 55 45 Destroy Leader 112 | . 10 16 86 Successful Hack 2 | . . . 2 Disable Machine 15 | . . . 15 Destroy Structure 78 | . . 73 5 Partial Spotted 15 | . . 15 . Lose Combat Pursuer 15 | . . . 15 Influence Decreases 824 | 25 80 230 489 Entered New Map 53 | . . 7 46 Time Decay 591 | 25 80 153 333 Lost Part 180 | . . 70 110 Squads Dispatched 6 | . 1 2 3 Investigation 2 | . . 1 1 Extermination . | . . . . Reinforcement 4 | . 1 1 2 Assault . | . . . . Garrison . | . . . . Intercept . | . . . . Searches Triggered . | . . . . Construction Impeded 1 | . . . 1 Haulers Reinforced . | . . . . Active Scanning Responses . | . . . . Cargo Convoy Interrupts . | . . . . Stealth | -11 -10 -9 -8 --------- Run | Yrd Mat Mat Mat Distress Signals 7 | . 2 1 4 Communications Jammed . | . . . . Distress Signals . | . . . . Times Spotted 60 | . 8 25 27 Peak Tracking Total 11 | . 4 11 5 Tactical Retreats 1 | . . . 1 Traps | -11 -10 -9 -8 ------- Run | Yrd Mat Mat Mat Traps Triggered 3 | . . 2 1 Indirectly . | . . . . Trap Hack Attempts . | . . . . Triggered . | . . . . Disarmed . | . . . . Reprogrammed . | . . . . Reused . | . . . . Traps Extracted . | . . . . Installed . | . . . . Triggered . | . . . . Machines | -11 -10 -9 -8 ---------- Run | Yrd Mat Mat Mat Machines Disabled 1 | . . . 1 Max in Single Turn 1 | . . . 1 Machines Repaired . | . . . . Machines Dismantled . | . . . . Machines Sabotaged . | . . . . Overloaded Fab Kills . | . . . . Hacking | -11 -10 -9 -8 --------- Run | Yrd Mat Mat Mat Machines Accessed 1 | . . . 1 Terminals . | . . . . Fabricators . | . . . . Repair Stations . | . . . . Recycling Units . | . . . . Scanalyzers 1 | . . . 1 Garrison Access . | . . . . Total Hacks 2 | . . . 2 Successful 1 | . . . 1 Failed 1 | . . . 1 Catastrophic . | . . . . Database Lockouts . | . . . . Manual . | . . . . Terminals . | . . . . Fabricators . | . . . . Repair Stations . | . . . . Recycling Units . | . . . . Scanalyzers 2 | . . . 2 Garrison Access . | . . . . Terminal Hacks . | . . . . Fabricator Hacks . | . . . . Repair Station Hacks . | . . . . Recycling Unit Hacks . | . . . . Scanalyzer 1 | . . . 1 Insert Component 1 | . . . 1 Garrison Access Hacks . | . . . . Unauthorized Hacks . | . . . . Terminals . | . . . . Fabricators . | . . . . Repair Stations . | . . . . Recycling Units . | . . . . Scanalyzers . | . . . . Garrison Access . | . . . . Data Cores Recovered . | . . . . Used . | . . . . Hacking Detections 1 | . . . 1 Full Trace Events . | . . . . Feedback Events . | . . . . Feedback Blocked . | . . . . Robot Schematics Acquired . | . . . . Robots Built . | . . . . Authchips . | . . . . Time . | . . . . Total Robot Build Rating . | . . . . Part Schematics Acquired . | . . . . Parts Built . | . . . . Authchips . | . . . . Time . | . . . . Total Part Build Rating . | . . . . Parts Repaired . | . . . . Time . | . . . . Parts Recycled . | . . . . Recycled Matter . | . . . . Retrieved Matter . | . . . . Retrieved Components . | . . . . Parts Scanalyzed 1 | . . . 1 Part Schematics Acquired . | . . . . Parts Damaged . | . . . . Bothacking | -11 -10 -9 -8 ------------ Run | Yrd Mat Mat Mat Used RIF Installer . | . . . . Robots Hacked . | . . . . Non-combat . | . . . . Combat . | . . . . Robot Hacks Applied . | . . . . Relay Couplers Released . | . . . . Fabnet Peak Effective % . | . . . . Robots Rewired . | . . . . Allies Hacked . | . . . . Hacks Repelled . | . . . . Allies | -11 -10 -9 -8 -------- Run | Yrd Mat Mat Mat Total Allies . | . . . . Largest Group . | . . . . Highest-Rated Group . | . . . . Highest-Rated Ally . | . . . . Total Orders . | . . . . Ally Attacks . | . . . . Total Damage . | . . . . Kills . | . . . . Allies Corrupted . | . . . . Allies Melted . | . . . . Intel | -11 -10 -9 -8 ------- Run | Yrd Mat Mat Mat Active Infowar (turns) 450 | 82 229 139 . Terrain 450 | 82 229 139 . Robot Analysis Total . | . . . . Derelict Logs Recovered . | . . . . Drone Launches . | . . . . Drone Recoveries . | . . . . Exploration | -11 -10 -9 -8 ------------- Run | Yrd Mat Mat Mat Turns Passed 2041 | 193 229 623 996 Spaces Moved 1175 | 138 152 431 454 Core 128 | 34 . 12 82 Treads 157 | . . . 157 Legs 755 | 104 152 419 80 Wheels 135 | . . . 135 Hover . | . . . . Flight . | . . . . Fastest Speed 50 | 50 120 100 95 Average Speed 133 | 102 120 122 157 Slowest Speed 350 | 120 120 190 350 Overloaded Moves . | . . . . Propulsion Burnouts . | . . . . Robots Hopped . | . . . . Potential Cave-ins 1 | . . 1 . Cave-ins Triggered . | . . . . Exploration Rate (%) 28 | 4 31 37 41 Regions Visited 3 Branch Regions . Pre-discovered Areas . | . . . . Known Exits Taken . | . . . . Unknown Exits Taken 3 | 1 1 1 . Scrap Searched . | . . . . Spaces Dug . | . . . . Terrain Destroyed 82 | . . 82 . Melee . | . . . . Projectile . | . . . . AOE 82 | . . 82 . Terrain Rammed . | . . . . Walls Destroyed . | . . . . Machines Disabled . | . . . . Actions | -11 -10 -9 -8 --------- Run | Yrd Mat Mat Mat Total 1442 | 169 170 491 612 Wait 55 | 1 1 17 36 Move 1172 | 137 151 430 454 Hop . | . . . . Pick Up 43 | 12 3 8 20 Fast Attach . | . . . . Attach 33 | 8 . 4 21 Detach 2 | . . . 2 Swap 16 | . . 9 7 Drop 14 | 1 . 5 8 Fire 104 | 10 14 17 63 Melee . | . . . . Ram . | . . . . Kick 2 | . 1 1 . Crush 1 | . . . 1 Escape Stasis . | . . . . Rewire . | . . . . Trap . | . . . . Miscellaneous . | . . . . Route ------- -11/Scrapyard -10/Materials (discovered 2 exits: *Mat / [*Min]) -9/Materials (discovered 2 exits: *Mat / [*Min]) -8/Materials History --------- Turn | Location | Event 7 | -11/Scrapyard | Discovered new exit (range 16) 194 | -11/Scrapyard | Entered Materials 309 | -10/Materials | Build established: Mutant 408 | -10/Materials | Discovered new exit (range 13) 408 | -10/Materials | Discovered new exit (range 14) 423 | -10/Materials | Entered another Materials area 423 | -9/Materials | Evolved 2 slots: Power x1, Utility x1 906 | -9/Materials | Discovered new exit (range 15) 1036 | -9/Materials | Core integrity fell below 50% 1038 | -9/Materials | Discovered new exit (range 7) 1046 | -9/Materials | Entered another Materials area 1046 | -8/Materials | Evolved 2 slots: Weapon x2 1066 | -8/Materials | Lost 6 parts (2p2n2w) 1607 | -8/Materials | Build established: Bomber 1859 | -8/Materials | Core integrity fell below 50% 1881 | -8/Materials | Core integrity fell below 20% 1886 | -8/Materials | Lost 8 parts (2p2n1u3w) 2042 | -8/Materials | Destroyed by G-47 Trooper with Particle Gun Last Messages --------------- K-01 Serf collects debris. Acquired Lgt. Nuclear Core. K-01 Serf collects debris. Overheating: System interference. Sml. Laser temporarily disabled. Field Laser temporarily disabled. K-01 Serf collects debris. Acquired Particle Gun. K-01 Serf collects debris. Dropped Broken Imp. Ion Engine. Dropped Broken Lgt. Angular Momentum Engine. K-01 Serf collects debris. Acquired Broken Lgt. Angular Momentum Engine. Dropped Broken Lgt. Angular Momentum Engine. K-01 Serf collects debris. Slammed into U-05 Engineer. ALERT: Construction progress impeded, dispatching reinforcements to local area. Field Laser destroyed. G-47 Trooper heat short circuits Imp. Heat Sink. Map ----- +----------------------------------------------------+ | ?????????????????????????????????????????????? | | ?????????????????????????????????????????????? | | ?????????????????????????????????????????????? | | ?????????????????????????????????????????????? | | ?????????????????????????????????????????????? | | ?????????????????????????????????????????????? | | ?????????????????????????????????????????????? | | ?????????????????????????????????????????????? | | ?????????????????????????????????????????????? | | ?????????????????????????????????????????????? | | ?????????????????????????????????????????????? | | ?????????????????????????????????????????????? | | ?????????????????????????????????????????????? | | ?????????????????????????????????????????????? | | ?????????????????????????????????????????????? | | ?????????????????????????????????????????????? | | ?????????????????????????????????????????????? | | ?????????????????????????????????????????????? | | ?????????????????????????????????????????????? | | ?????????????????????????????????????????????? | | ?????????????????????????????????????????????? | | ??????????????###########????????????????????? | | ??????????????# #????????????????????? | | ??????????????# #????????????????????? | | ??????????????# = ] #????????????????????? | | ??????????????# g@/=#????????????????????? | | ??????????#########+##g##?????????????#??????? | | ??????? #?????????????? ??????? | | ??????????????##### #?????????????# ??????? | | ??????????????????# #############?# ??????? | | ??????????????????# # #?# ??????? | | ???####+#####?????# # #?# ??????? | | ???# #?????# # #?# ??????? | | ???# #?????# # #?# #?????? | | ???# #?????# # ! #?# #?????? | | ???# #?????# #!!! #?# #?????? | | ???# #?????# +! !! *=[ ### ###???? | | ???# #?????# #########/### #???? | | ???# #?????# ########! ##### | | ???# #?????# =* | | ???# #?????# ######## ! ##### | | ???#+###+####?????# #??????## ### #???? | | ???# #########+## #???????#+#####+###???? | | ???# ! # ## #???????# #???? | | ???# # ""T"" ## #???????# #???? | | ???# / """""! [## #???????# #???? | | ???# # [ ## #???????# #???? | | ???# ######## ### ###################???? | | ???# ##########?# " #???????? | | ???# # #???# ########""" #???????? | +----------------------------------------------------+ Best States ------------- Heat Dissipation 31 Energy Generation 27 Energy Capacity 315 Matter Stores 336 Matter Capacity 400 Sight Range 16 Terrain Scan Range 16 Terrain Scan Density 10 Power Shielding 33 Evasion (%) 55 Targeting Accuracy 8 Recoil Reduction 2 Item Schematics ----------------- None Robot Schematics ------------------ None Fabricated ------------ Nothing Repaired ---------- Nothing Alien Tech Used ----------------- None Achievements -------------- None Challenges ------------ None Game ------ Seed FireCompactFlakker Manual? 0 Play Time 00:15:42 Cumulative 6.8 hours Start 2025.10.05 @ 19:41:14 End 2025.10.05 @ 19:53:52 Sessions 1 Manual Loads 0 Difficulty Rogue Special Mode None Game No. 22 Rogue 22 Adventurer 0 Explorer 0 Win Type - Total 0 Types 0/0/0/0/0/0/0/0/0/0 Lore% 10 Gallery% 14 Achievement% 12 Wizard Run 0 Options --------- Layout 1 ASCII 0 Keyboard 0 Movement Numpad Keybinds 0 Fullscreen 2 Font 24/Smallcaps Map View 50x35 Zoom Use 0% Tactical HUD 0 Map Filters NONE Filters NONE Steam 1 RUN: 125d2be3-49a9-4db3-b36c-6c20766e61a5